 Dungeon Sprint DCSS version 0.29-a0-304-gb34f9e133a (webtiles) character file.

Game seed: 6044465222524835168

18 Conn the Firebug (level 2, -7/25 HPs)
             Began as an Octopode Fire Elementalist on Mar 26, 2022.
             Was a Follower of Sif Muna.
             Mangled by a flying skull (10 damage)
             ... in the Dungeon (Sprint VII: "The Pits").
             The game lasted 00:02:04 (321 turns).

Conn the Firebug (Octopode Fire Elementalist)        Turns: 321, Time: 00:02:05

Health: -7/25      AC:  1    Str:  7    XL:     2   Next: 66%
Magic:  4/5        EV: 13    Int: 17    God:    Sif Muna [*.....]
Gold:   0          SH:  0    Dex: 12    Spells: 5/6 levels left

rFire   . . .      SeeInvis .   e - +2 dagger
rCold   . . .      Faith    .   (no shield)
rNeg    . . .      Spirit   .   (helmet restricted)
rPois   .          Reflect  .   (no amulet)
rElec   .          Harm     .   (no ring)
rCorr   .          Rampage  .   (no ring)
Will    .....      NoTele   +   (no ring)
Stlth   ..........              (no ring)
HPRegen 0.08/turn               (no ring)
MPRegen 0.09/turn               (no ring)
                                (no ring)
                                (no ring)

@: berserking, invisible, very quick
A: almost no armour, amphibious, 8 rings, camouflage 1, gelatinous body 1,
(nimble swimmer 1), tentacles
a: Renounce Religion, Channel Magic


You were in the Dungeon.
You worshipped Sif Muna.
Sif Muna was aware of your devotion.
You visited 1 branch

Inventory:

Hand Weapons
 e - a +2 dagger (weapon)
Scrolls
 f - a scroll of blinking
 i - 5 scrolls of amnesia
 j - a scroll of summoning
Potions
 a - 5 potions of magic
 b - a potion of curing
 c - a potion of heal wounds
 d - a potion of haste
 g - a potion of berserk rage
 h - a potion of invisibility


   Skills:
 + Level 2.5 Dodging
 + Level 3.2 Stealth
 + Level 0.1 Unarmed Combat
 + Level 2.9 Spellcasting
 + Level 1.2 Conjurations
 + Level 4.8 Fire Magic


You had 5 spell levels left.
You knew the following spells:

 Your Spells              Type           Power      Damage    Failure   Level
a - Foxfire               Conj/Fire      48%        2x1d6     4%          1

Your spell library contained the following spells:

 Spells                   Type           Power      Damage    Failure   Level
 Scorch                   Fire           38%        2d7       3%          2
 Conjure Flame            Conj/Fire      12%        6-21      16%         3
 Inner Flame              Hex/Fire       10%        N/A       19%         3
 Flame Wave               Conj/Fire      12%        2d6       45%         4


Dungeon Overview and Level Annotations

Branches:
Dungeon (1/1)

Altars:
Ashenzari
Cheibriados
Dithmenos
Elyvilon
Fedhas
Gozag
Hepliaklqana
Kikubaaqudgha
Makhleb
Nemelex Xobeh
Okawaru
Qazlal
Ru
Sif Muna
Trog
Uskayaw
Vehumet
Wu Jian
Xom
Yredelemnul
Zin
The Shining One
Beogh
Jiyva
Lugonu


Innate Abilities, Weirdness & Mutations

You cannot wear most types of armour.
You are amphibious.
You can wear up to eight rings at the same time.
Your skin changes colour to match your surroundings (Stealth+).
Your rubbery body absorbs attacks. (AC +1, EV +1)
((You are camouflaged when in or above water. (Stealth+)))
You have tentacles for arms and can constrict up to eight enemies at once.


Message History

Okay, then.
Casting: Foxfire (safe; 4% risk of failure)
Confirm with . or Enter, or press ? or * to list all spells.
You conjure some foxfire!
Unknown command.
You open the door.
A flying skull comes into view.
The foxfire hits the flying skull but does no damage.
The flying skull gives a hideous shriek!
The foxfire hits the flying skull.
The flying skull completely resists.
Unknown command.
You fade into invisibility!
A giant cockroach comes into view.
You see here a ball python corpse.
There is an open door here.
You see here a quokka corpse.
A river rat comes into view.
There is an open door here.
Okay, then.
Unknown command.
Unknown command.
Unknown command.
Unknown command.
You see here a +0 short sword.
Casting: Foxfire (safe; 4% risk of failure)
Confirm with . or Enter, or press ? or * to list all spells.
You conjure some foxfire!
The flying skull gives a hideous shriek!
The foxfire hits the flying skull.
The flying skull completely resists.
Unknown command.
Your foxfire dissipates!
There is an open door here.
You see here a +0 dagger.
The flying skull hits you!
You see here a +0 whip.
A red film seems to cover your vision as you go berserk!
You feel yourself moving faster!
You feel mighty! The flying skull hits you!
* * * LOW HITPOINT WARNING * * *
The flying skull hits you!
You die...

#_________.#
#_______...###########++
##########'##...........
#.?(.')))'.##......#..#
##########.##..........
#..........)'...........
#+#####'#####......#..#.
#.†#.)#z.##...........
#..†r.B.@#####'#####+
##'####+###.......# #r..
#.......# #....
#.......# #####+
#...<...# #.......#
#.......# #.......#
#########


You could see a flying skull (can't see you), a river rat (wandering, can't see
you) and a giant cockroach (wandering, can't see you).

Vanquished Creatures
  A gnoll (D)
  An orc (D)
  A ball python (D)
  2 kobolds (D)
  A quokka (D)
6 creatures vanquished.

Vanquished Creatures (others)
  13 foxfires (D)
13 creatures vanquished.

Grand Total: 19 creatures vanquished

Notes
Turn   | Place    | Note
-------+----------+-------------------------------------------
     0 | D        | Conn the Octopode Fire Elementalist began the quest for the
                  | Orb.
     0 | D        | Reached XP level 1. HP: 11/11 MP: 3/3
    15 | D        | Reached skill level 4 in Fire Magic
    15 | D        | Reached XP level 2. HP: 12/17 MP: 0/5
   212 | D        | Found a bloodstained altar of Trog.
   212 | D        | Found a shimmering blue altar of Sif Muna.
   212 | D        | Found a viscous altar of Jiyva.
   212 | D        | Found a hazy altar of Hepliaklqana.
   212 | D        | Found an opulent altar of Gozag.
   213 | D        | Found a glowing golden altar of the Shining One.
   213 | D        | Found a glowing silver altar of Zin.
   213 | D        | Found a basalt altar of Yredelemnul.
   213 | D        | Found a shimmering altar of Xom.
   213 | D        | Found an ornate altar of the Wu Jian Council.
   213 | D        | Found a sacrificial altar of Ru.
   213 | D        | Found a stormy altar of Qazlal.
   213 | D        | Found an iron altar of Okawaru.
   213 | D        | Found a sparkling altar of Nemelex Xobeh.
   213 | D        | Found a burning altar of Makhleb.
   213 | D        | Found a blossoming altar of Fedhas.
   213 | D        | Found a white marble altar of Elyvilon.
   213 | D        | Found a shadowy altar of Dithmenos.
   213 | D        | Found a snail-covered altar of Cheibriados.
   215 | D        | Found a corrupted altar of Lugonu.
   215 | D        | Found a radiant altar of Vehumet.
   216 | D        | Found an ancient bone altar of Kikubaaqudgha.
   216 | D        | Found a hide-covered altar of Uskayaw.
   216 | D        | Found a broken altar of Ashenzari.
   217 | D        | Became a worshipper of Sif Muna the Loreminder
   265 | D        | Reached * piety under Sif Muna
   310 | D        | Noticed a flying skull
   321 | D        | Mangled by a flying skull

Illustrated notes

Levels and vault maps discovered:
D:        pitsprint [storerooms_1, entrance_room_1, metal_vault_6, armoury_2,
          mini_pit_1, grid_room_1, main_hall_1, silver_pit, the_coven_1,
          the_vestibule_1, steel_vault_5, golden_pit, hallway_of_sentries,
          crystal_vault_3, iron_vault_4, final_vault]

Skill      XL: |  1 |
---------------+----+-----
Stealth        | 3 |  3.2
Fire Magic     | 4 |  4.8
Dodging        | |  2.5
Unarmed Combat | |  0.1
Spellcasting   | |  2.9
Conjurations   | |  1.2

Action                   || total
-------------------------++-------
Melee: Tentacles         ||     3
       Unarmed           ||     2
       Constrict         ||     2
       Dagger            ||     1
 Cast: Foxfire           ||    10
  Use: Potion            ||     3
Dodge: Dodged            ||     1

Table legend: (Time is in decaauts)
 A = Elapsed time spent in this place.
 B = Non-inter-level travel time spent in this place.
 C = Inter-level travel time spent in this place.
 D = Time resting spent in this place.
 E = Time spent auto-exploring this place.
 F = Levels seen in this place.
 G = Mean time per level.
                   A        B        C        D        E       F      G
               +--------+--------+--------+--------+--------+-----+--------+
         Total |    329 |    329 |      0 |    232 |      0 |   1 |  329.0 |
       Dungeon |    329 |    329 |      0 |    232 |      0 |   1 |  329.0 |
               +--------+--------+--------+--------+--------+-----+--------+

Top non-repeatable levels by time:
       D: 329 daAuts
